 Dungeon Crawl Stone Soup version 0.29-a0-330-g52719c12eb (webtiles) character file.

Game seed: 9627600867470043842

2679 kae the Zephyrmancer (level 9, -2/74 HPs)
             Began as an Ogre Air Elementalist on Apr 12, 2022.
             Was an Initiate of Gozag.
             Slain by a sky beast (5 damage)
             ... on level 8 of the Dungeon.
             The game lasted 00:06:05 (10433 turns).

kae the Zephyrmancer (Ogre Air Elementalist)       Turns: 10433, Time: 00:06:06

Health: -2/74      AC:  5    Str: 14    XL:     9   Next: 64%
Magic:  4/20       EV: 10    Int: 20    God:    Gozag
Gold:   1112       SH:  0    Dex: 13    Spells: 12/22 levels left

rFire   . . .      SeeInvis .   t - +3 whip (flame)
rCold   . . .      Faith    .   (no shield)
rNeg    . . .      Spirit   .   r - +2 robe of Terror {Will+ Dex+4}
rPois   .          Reflect  .   (helmet restricted)
rElec   .          Harm     .   (no cloak)
rCorr   .          Rampage  .   (gloves unavailable)
Will    ++...                   (boots unavailable)
Stlth   ++........              (no amulet)
HPRegen 0.22/turn               m - ring of wizardry
MPRegen 0.17/turn               f - ring of willpower

@: no status effects
A: large, unfitting armour, tough skin 1
a: Renounce Religion, Potion Petition, Call Merchant, Bribe Branch


You were on level 8 of the Dungeon.
You worshipped Gozag.
Gozag was most pleased with you.
You visited 2 branches of the dungeon, and saw 9 of its levels.

You collected 1229 gold pieces.
You paid 117 gold pieces to Gozag.

Inventory:

Hand Weapons
 k - a +0 whip of freezing
 t - a +3 whip of flaming (weapon)
Missiles
 d - a throwing net
Armour
 a - a +1 robe
 r - the +2 robe of Terror (worn) {Will+ Dex+4}
   (You found it on level 6 of the Dungeon)

   Dex:       It affects your dexterity (+4).
   Will:      It increases your willpower.
Magical Staves
 q - a staff of cold
Jewellery
 c - a +6 ring of dexterity
 f - a ring of willpower (right hand)
 m - a ring of wizardry (left hand)
 n - a ring of poison resistance
 s - a ring of protection from cold
 u - a ring of flight
Wands
 p - a wand of charming (9)
 v - a wand of flame (21)
Scrolls
 e - a scroll of vulnerability
 g - a scroll of enchant armour
 h - 4 scrolls of amnesia
 o - 2 scrolls of brand weapon
Potions
 b - a potion of magic
 i - a potion of degeneration {unknown}
 j - 5 potions of brilliance
 l - 3 potions of curing
 w - a potion of attraction
 x - a potion of mutation
 z - 2 potions of flight {unknown}
 A - a potion of cancellation {unknown}


   Skills:
 - Level 1.7 Dodging
 - Level 1.4 Stealth
 + Level 7.4 Spellcasting
 + Level 5.8 Conjurations
 * Level 8.8 Air Magic


You had 12 spell levels left.
You knew the following spells:

 Your Spells              Type           Power      Damage    Failure   Level
a - Shock                 Conj/Air       100%       1d9       1%          1
b - Static Discharge      Conj/Air       36%        N/A       1%          2
c - Swiftness             Air            42%        N/A       1%          3
d - Airstrike             Air            21%        N/A       1%          4

Your spell library contained the following spells:

 Spells                   Type           Power      Damage    Failure   Level
 Fulminant Prism          Conj/Hex       9%         3d7       11%         4
 Iskenderun's Mystic Bla  Conj/Tloc      19%        2d6       11%         4
 Silence                  Hex/Air        12%        N/A       16%         5
 Passage of Golubria      Tloc           7%         N/A       32%         4
 Lee's Rapid Deconstruct  Erth           3%         3d6*      65%         5
 Lehudib's Crystal Spear  Conj/Erth      9%         10d4      100%        8


Dungeon Overview and Level Annotations

Branches:
Dungeon (8/15)             Temple (1/1) D:6
   Lair: D:8-11

Altars:
Ashenzari
Cheibriados
Dithmenos
Elyvilon
Fedhas
Gozag
Hepliaklqana
Kikubaaqudgha
Makhleb
Nemelex Xobeh
Okawaru
Qazlal
Ru
Sif Muna
Trog
Uskayaw
Vehumet
Wu Jian
Xom
Yredelemnul
Zin
The Shining One

Shops:
D:5 (


Innate Abilities, Weirdness & Mutations

You are too large for most types of armour.
You have tough skin. (AC +1)


Message History

The sky beast is heavily wounded.
The sky beast hits you but does no damage.
You hit the sky beast but do no damage.
The sky beast is heavily wounded.
The sky beast hits you. The sky beast shocks you.
You are too injured to fight recklessly!
You completely miss the sky beast.
The sky beast is heavily wounded.
The sky beast flickers out of sight!
Deactivating autopickup; reactivate with Ctrl-A.
Something hits you but does no damage.
You are too injured to fight recklessly!
You are too injured to fight recklessly!
You barely miss something. Something hits you. Something shocks you.
You hit something. You burn something. Something hits you.
Something shocks you.
You closely miss something. Something hits you. Something shocks you.
* * * LOW HITPOINT WARNING * * *
Something hits you.
* * * LOW HITPOINT WARNING * * *
Something shocks you.
* * * LOW HITPOINT WARNING * * *
You closely miss something. Something hits you but does no damage.
Casting: Airstrike (dangerous; 1% risk of failure)
Confirm with . or Enter, or press ? or * to list all spells.
You can't see any susceptible monsters within range! (Use Z to cast anyway.)
A sky beast appears from thin air!
Reactivating autopickup.
The sky beast flickers out of sight!
Deactivating autopickup; reactivate with Ctrl-A.
Something hits you but does no damage. Something hits you.
* * * LOW HITPOINT WARNING * * *
Something shocks you.
* * * LOW HITPOINT WARNING * * *
Something hits you.
* * * LOW HITPOINT WARNING * * *
Something shocks you.
You die...
Your body crumbles into a pile of gold.

...... .... $ ... .... #..
... #.. ..# ####.^#####.# .
......<...#.# S.
.>........#.######.. ...
...........@.......# ....
...........#.##########.....
......$....................#
....$.....##.#####.######.##
..........##.# #.#
..........##.# #.#
..........##.## #.#
.####.######..####.# #..#
##.##...#


There were no monsters in sight!

Vanquished Creatures
  A steam dragon (D:7)
  Menkaure (D:6)
  2 water moccasins
  2 orc warriors
  2 sky beasts
  3 black bears
  A centaur (D:5)
  A phantom (D:7)
  A kobold brigand (D:7)
  A bullfrog (D:8)
  A necrophage (D:5)
  3 wights
  A scorpion (D:5)
  4 killer bees (D:8)
  2 howler monkeys (D:6)
  7 hounds
  A jelly (D:6)
  4 orc priests
  3 iguanas (D:5)
  3 orc wizards
  5 adders
  4 gnolls
  A shadow imp (D:8)
  2 white imps (D:7)
  5 worms
  5 dart slugs
  15 orcs
  5 endoplasms
  5 giant cockroaches
  3 goblins
  9 hobgoblins
  4 jackals
  12 kobolds
  10 quokkas
  7 ball pythons
  5 bats
  3 frilled lizards
  3 rats
147 creatures vanquished.

Notes
Turn   | Place    | Note
-------+----------+-------------------------------------------
     0 | D:1      | kae the Ogre Air Elementalist began the quest for the Orb.
     0 | D:1      | Reached XP level 1. HP: 16/16 MP: 3/3
    76 | D:1      | Reached skill level 1 in Conjurations
    92 | D:1      | Reached skill level 3 in Air Magic
    92 | D:1      | Reached XP level 2. HP: 24/24 MP: 1/5
   670 | D:1      | Found a faded altar of an unknown god.
   979 | D:1      | Reached XP level 3. HP: 31/31 MP: 2/7
  1654 | D:2      | You fall into a shaft and drop 1 floor!
  1898 | D:3      | Reached XP level 4. HP: 39/39 MP: 2/8
  2473 | D:2      | Learned a level 2 spell: Static Discharge
  2477 | D:2      | Learned a level 3 spell: Swiftness
  3711 | D:4      | Reached skill level 4 in Air Magic
  3711 | D:4      | Reached XP level 5. HP: 30/45 MP: 0/10
  4311 | D:4      | Learned a level 4 spell: Airstrike
  5051 | D:4      | Identified a scroll of acquirement
  5051 | D:4      | Acquired 495 gold pieces
  5078 | D:5      | Entered Level 5 of the Dungeon
  5189 | D:5      | Reached XP level 6. HP: 19/53 MP: 1/12
  5433 | D:5      | Reached skill level 5 in Air Magic
  5891 | D:5      | Reached XP level 7. HP: 45/59 MP: 5/13
  6347 | D:5      | Found Unepieh's Firing Range.
  6570 | D:5      | Reached skill level 5 in Spellcasting
  6570 | D:5      | Reached skill level 6 in Air Magic
  6945 | D:6      | Found a burning altar of Makhleb.
  6945 | D:6      | Found a white marble altar of Elyvilon.
  7036 | D:6      | Found a staircase to the Ecumenical Temple.
  7050 | Temple   | Entered the Ecumenical Temple
  7208 | Temple   | Became a worshipper of Gozag Ym Sagoz the Greedy
  7236 | D:6      | Reached XP level 8. HP: 63/67 MP: 3/15
  7266 | D:6      | HP: 2/67 [orc/+0 club (2)]
  7867 | D:6      | Noticed Menkaure
  7871 | D:6      | Killed Menkaure
  7872 | D:6      | Reached skill level 7 in Air Magic
  8085 | D:6      | Identified the +2 robe of Terror {Will+ Dex+4}
  8675 | D:7      | Reached skill level 5 in Conjurations
  8675 | D:7      | Reached XP level 9. HP: 49/74 MP: 9/18
  8819 | D:7      | Reached skill level 8 in Air Magic
 10433 | D:8      | HP: 3/74 [something (2)]
 10433 | D:8      | Slain by a sky beast

Illustrated notes

Levels and vault maps discovered:
D:1:      minmay_arrival_five_plusses, layout_basic,
          hellmonk_ecumenical_altar_blasted, minmay_heptomino_w4
D:2:      layout_loops_ring, cheibrodos_gnoll_hut
D:3:      layout_basic, amcnicky_mini_rare_corridor_liquid
D:4:      layout_basic
D:5:      layout_basic, chequers_mini_garden, nicolae_shop_firing_range
D:6:      layout_rooms, gammafunk_temple_overflow_elements,
          minmay_temple_entry_junction_2, dreamdust_princess_corridor,
          kennysheep_opposing_triangles, uniq_menkaure
D:7:      layout_basic, minmay_crystal_room
D:8:      layout_rooms, lair_entry_dummy, enter_bailey_8, uniq_gastronok
Temple:   regret_index_temple_chain_breaker

Skill      XL: |  1  2  3  4  5  6  7  8  9 |
---------------+----------------------------+-----
Conjurations   | 1 2 3 5 |  5.8
Air Magic      | 3 4 5 6 7 8 |  8.8
Spellcasting   | 3 4 5 6 7 |  7.4
Dodging        | |  1.7
Stealth        | |  1.4

Action                   |  1- 3 |  4- 6 |  7- 9 || total
-------------------------+-------+-------+-------++-------
Melee: Unarmed           |    23 |       |       ||    23
       Punch             |     1 |       |     1 ||     2
       Staff             |       |    15 |       ||    15
       Whip              |       |    23 |    54 ||    77
 Cast: Shock             |    83 |   158 |    87 ||   328
       Static Discharge  |       |     7 |    34 ||    41
       Airstrike         |       |       |    45 ||    45
  Use: Scroll            |       |    10 |     5 ||    15
       Potion            |       |     2 |     2 ||     4
 Stab: Sleeping          |       |       |     2 ||     2
       Distracted        |       |       |     1 ||     1
Armor: Robe              |    20 |    18 |    44 ||    82
Dodge: Dodged            |    25 |    27 |    53 ||   105

Table legend: (Time is in decaauts)
 A = Elapsed time spent in this place.
 B = Non-inter-level travel time spent in this place.
 C = Inter-level travel time spent in this place.
 D = Time resting spent in this place.
 E = Time spent auto-exploring this place.
 F = Levels seen in this place.
 G = Mean time per level.
                   A        B        C        D        E       F      G
               +--------+--------+--------+--------+--------+-----+--------+
         Total |  10447 |  10141 |    306 |    980 |   8013 |   9 | 1160.8 |
       Dungeon |  10279 |  10002 |    277 |    980 |   7890 |   8 | 1284.9 |
        Temple |    167 |    138 |     29 |      0 |    123 |   1 |  167.0 |
               +--------+--------+--------+--------+--------+-----+--------+

Top non-repeatable levels by time:
     D:5: 2125 daAuts
     D:4: 1484 daAuts
     D:7: 1425 daAuts
     D:2: 1365 daAuts
     D:1: 1200 daAuts
     D:6: 1155 daAuts
     D:3: 1032 daAuts
     D:8: 489 daAuts
  Temple: 167 daAuts
